Map: [ESL] Data-C

Players

JonSnow - Winner!

  • Race: Zerg Zerg
  • Spawn Location: 9:00

Mixu

  • Race: Zerg Zerg
  • Spawn Location: 3:00

Event: DreamHack SC2 Masters 2022 Atlanta (Offline)

VOD

Have the link to the VOD?

Description

Time

  • Played on: Nov. 18, 2022, 11 a.m.
  • Length: 8:38

All games in this series

Show
View Real Time Build Order
Export as new Build Order

JonSnow Zerg - Winner!

Build Orders: Hatch First 

Get SALT Encoding   

  12  0:01  Drone  
  13  0:12  Overlord  
  13  0:17  Drone  
  14  0:30  Drone x2  
  16  0:48  Hatchery  
  15  0:51  Drone  
  15  0:55  Drone  
  17  1:00  Drone  
  18  1:12  Extractor  
  18  1:14  Spawning Pool  
  18  1:17  Drone  
  17  1:21  Drone  
  18  1:27  Drone  
  19  1:39  Drone  
  20  1:48  Overlord  
  20  2:00  Queen x2  
  24  2:02  Drone  
  24  2:03  Drone  
  26  2:10  Drone x2  
  28  2:22  Drone, Overlord  
  29  2:32  Zergling x2  
  29  2:33  Drone  
  31  2:39  Lair  
  31  2:40  Queen  
  33  2:44  Drone x2  
  35  2:55  Drone x2  
  37  3:00  Evolution Chamber  
  37  3:03  Roach Warren  
  35  3:11  Drone x3  
  35  3:12  Drone x3  
  41  3:17  Drone  
  41  3:19  Drone  
  43  3:22  Drone  
  44  3:27  Overlord  
  44  3:33  Extractor x2  
  42  3:39  Drone x2  
  42  3:40  Spire  
  42  3:41  Drone  
  44  3:44  Extractor  
  44  3:46  Drone  
  44  3:48  Drone x2  
  46  3:53  Drone x2, Evolution Chamber  
  47  3:57  Drone  
  47  4:02  Overlord  
  48  4:03  Zerg Missile Weapons Level 1  
  48  4:06  Overlord x2  
  48  4:10  Drone x2  
  48  4:16  Glial Reconstitution  
  50  4:27  Drone  
  50  4:29  Roach, Hatchery  
  52  4:32  Drone  
  52  4:33  Overlord  
  52  4:37  Roach  
  55  4:44  Overlord  
  55  4:53  Mutalisk x3  
  61  5:00  Mutalisk  
  61  5:02  Drone x6  
  69  5:11  Mutalisk  
  71  5:18  Mutalisk  
  73  5:23  Drone  
  73  5:24  Drone x2  
  76  5:29  Drone  
  76  5:31  Extractor, Overlord  
  76  5:32  Extractor, Overlord  
  76  5:33  Drone x2  
  77  5:39  Drone x3  
  77  5:40  Zerg Ground Armor Level 1  
  77  5:42  Mutalisk  
  82  5:44  Drone  
  82  5:48  Drone  
  84  5:55  Drone x3  
  87  6:02  Zerg Missile Weapons Level 2  
  87  6:07  Drone x3  
  87  6:11  Hatchery  
  89  6:15  Roach x5  
  89  6:17  Overlord  
  99  6:20  Drone x2  
  101  6:28  Roach x4  
  101  6:31  Overlord  
  109  6:36  Roach x4  
  117  6:50  Roach x6  
  129  6:57  Overlord x4  
  129  7:11  Overlord x3  
  133  7:15  Roach x2  
  133  7:16  Roach  
  133  7:17  Roach x6  
  133  7:22  Overlord  
  147  7:23  Queen  
  147  7:28  Roach x3  
  147  7:29  Ravager  
  158  7:30  Ravager x6  
  158  7:35  Roach  
  158  7:36  Roach x2  
  166  7:42  Roach x4  
  166  7:43  Roach  
  176  7:48  Roach x3  
  178  7:58  Roach  
  178  7:59  Roach x5  
  170  8:14  Roach x9  
Show
View Real Time Build Order
Export as new Build Order

Mixu Zerg 

Build Orders: Hatch First 

Get SALT Encoding   

  12  0:00  Drone  
  13  0:12  Overlord  
  13  0:17  Drone  
  14  0:30  Drone x2  
  16  0:49  Hatchery  
  15  0:51  Drone  
  15  0:55  Drone  
  17  0:59  Drone  
  18  1:10  Extractor  
  17  1:15  Spawning Pool  
  17  1:18  Drone  
  17  1:22  Drone  
  18  1:28  Drone  
  19  1:38  Drone  
  20  1:49  Drone  
  21  2:00  Overlord  
  21  2:02  Zergling x2, Queen x2  
  26  2:11  Metabolic Boost  
  26  2:12  Drone x2  
  28  2:22  Drone x2  
  30  2:35  Hatchery  
  29  2:37  Drone  
  29  2:40  Drone  
  29  2:43  Drone  
  32  2:48  Evolution Chamber  
  30  2:53  Overlord  
  30  2:56  Drone x2  
  32  3:05  Overlord  
  32  3:06  Drone  
  33  3:14  Drone x2  
  33  3:19  Zerg Missile Weapons Level 1  
  35  3:24  Overlord  
  35  3:25  Drone x4  
  39  3:27  Drone  
  39  3:32  Queen  
  42  3:37  Drone x2  
  42  3:40  Extractor  
  43  3:42  Drone  
  43  3:43  Drone x2  
  43  3:44  Drone  
  43  3:47  Drone  
  43  3:48  Drone  
  49  3:53  Roach Warren  
  49  3:55  Drone  
  49  3:57  Drone  
  49  4:01  Drone x2  
  52  4:03  Overlord  
  52  4:11  Lair  
  52  4:13  Zergling x6  
  52  4:15  Drone  
  56  4:17  Drone x2  
  56  4:23  Drone x3  
  61  4:26  Overlord  
  61  4:30  Drone x2  
  63  4:34  Drone  
  63  4:36  Extractor  
  63  4:38  Overlord  
  63  4:40  Extractor  
  63  4:41  Zergling x4  
  66  4:47  Queen  
  66  4:49  Overlord  
  66  4:51  Roach x3  
  74  4:56  Roach  
  74  4:57  Overlord  
  74  4:58  Roach x4  
  82  5:05  Overlord  
  82  5:09  Roach  
  89  5:14  Roach  
  89  5:17  Glial Reconstitution  
  89  5:19  Overlord  
  89  5:20  Roach x3  
  96  5:23  Queen  
  96  5:26  Queen  
  96  5:27  Queen  
  96  5:29  Spore Crawler  
  96  5:30  Spore Crawler  
  96  5:33  Drone  
  96  5:34  Overseer  
  95  5:36  Drone  
  95  5:38  Spore Crawler, Drone  
  96  5:45  Overlord  
  96  5:46  Drone x5  
  101  5:50  Zerg Missile Weapons Level 2  
  101  5:51  Drone  
  102  6:03  Queen  
  102  6:04  Hydralisk Den, Queen  
  104  6:13  Drone x2  
  104  6:15  Overlord  
  106  6:22  Overlord  
  106  6:24  Overseer  
  106  6:31  Overlord  
  106  6:32  Overlord, Extractor x2  
  104  6:34  Drone x10  
  104  6:35  Lurker Den  
  104  6:39  Extractor  
  112  6:42  Drone  
  112  6:44  Drone x4  
  116  6:57  Overlord  
  116  6:58  Overseer  
  116  7:02  Hatchery  
  116  7:03  Roach x5  
  116  7:05  Overlord  
  129  7:08  Roach x2  
  129  7:11  Ravager  
  129  7:16  Overlord x2  
  129  7:17  Roach x3  
  129  7:18  Ravager x2  
  137  7:26  Overlord  
  137  7:29  Spore Crawler  
  136  7:31  Roach x4, Overlord  
  144  7:38  Roach x4  
  144  7:42  Overlord x2  
  152  7:46  Hydralisk x3  
  152  7:50  Hydralisk x2  
  162  7:56  Roach x2  
  164  8:01  Roach x4  
  166  8:10  Roach x5  
  149  8:14  Roach x3  
Tags
 
Add a new tag
Caveats
  • Supply blocks, unpowered buildings, or Contaminate may cause inaccurate times.
  • Supply counts are checked every 10 seconds.